 Dungeon Crawl Stone Soup version 0.22-a0-271-gc000056 (webtiles) character file.

54 Amnesiac the Sneak (level 3, -2/28 HPs)
             Began as a Vampire Monk on Mar 12, 2018.
             Slain by a worker ant (5 damage)
             ... on level 4 of the Dungeon.
             The game lasted 00:03:35 (826 turns).

Amnesiac the Sneak (Vampire Monk)                    Turns: 826, Time: 00:03:36

Health: -2/28      AC:  5    Str: 10    XL:     3   Next: 66%
Magic:  3/3        EV: 11    Int: 12    God:
Gold:   36         SH:  7    Dex: 17    Spells: 2/2 levels left

rFire    . . .     SeeInvis +   a - +0 short sword
rCold    . . .     Gourm    .   g - +0 shield (curse)
rNeg     . . .     Faith    .   b - +0 robe
rPois    .         Spirit   .   c - +2 helmet
rElec    .         Reflect  .   (no cloak)
rCorr    .         Harm     .   (no gloves)
MR       .....                  (no boots)
Stlth    +++.......             (no amulet)
HPRegen  0.29/turn              (no ring)
MPRegen  0.08/turn              (no ring)

@: lethally poisoned (-2 -> -2), regenerating quickly
A: fangs 3, see invisible, unbreathing
a: no special abilities


You were on level 4 of the Dungeon.
You were almost alive.

You visited 1 branch of the dungeon, and saw 4 of its levels.

You collected 36 gold pieces.

Inventory:

Hand Weapons
 a - a +0 short sword (weapon)
Armour
 b - a +0 robe (worn)
 c - a +2 helmet (worn)
 g - a cursed +0 shield (worn)
Jewellery
 f - an uncursed amulet of faith {unknown}
Scrolls
 e - a scroll of amnesia {!r, unknown}
 h - a scroll of identify {!r, unknown}
Potions
 d - 5 potions of blood {!q}


   Skills:
 - Level 2.7 Fighting
 - Level 3.3 Short Blades
 - Level 3.3 Dodging
 + Level 6.1 Stealth


You had 2 spell levels left.
You didn't know any spells.

Dungeon Overview and Level Annotations

Branches:
Dungeon (4/15)
 Temple: D:4-7

Altars:

Annotations:
D:4 Sigmund


Innate Abilities, Weirdness & Mutations

Your natural rate of healing is unusually fast.
You have razor-sharp teeth.
You have supernaturally acute eyesight. (SInv)
You can survive without breathing.


Message History

The worker ant is lightly wounded.
The worker ant bites you.
You are poisoned.
The worker ant poisons you!
You closely miss the worker ant.
The worker ant is lightly wounded.
You feel sick. You block the worker ant's attack.
The worker ant barely misses you.
You completely miss the worker ant.
The worker ant is lightly wounded.
You feel sick. The worker ant bites you.
You hit the worker ant but do no damage.
The worker ant is lightly wounded.
You feel sick. The worker ant barely misses you.
You hit the worker ant.
The worker ant is moderately wounded.
You block the worker ant's attack.
You hit the worker ant.
The worker ant is heavily wounded.
You feel sick.
The worker ant waves its antennae.
The worker ant bites you. The worker ant closely misses you.
Your shield prevents you from hitting the worker ant.
The worker ant is heavily wounded.
The worker ant bites you but does no damage.
You closely miss the worker ant.
You bite the worker ant, but do no damage.
The worker ant is heavily wounded.
You feel sick. You block the worker ant's attack.
You hit the worker ant.
The worker ant is heavily wounded.
The worker ant bites you.
* * * LOW HITPOINT WARNING * * *
You are more poisoned.
The worker ant poisons you!
You feel sick. The worker ant barely misses you.
You feel sick.
You feel sick.
Sorry, you're too full to transform right now.
You feel sick. You block the worker ant's attack.
You feel sick.
Okay, then.
You feel sick.
You hit the worker ant but do no damage.
The worker ant is heavily wounded.
You feel sick. The worker ant closely misses you. The worker ant bites you.
* * * LOW HITPOINT WARNING * * *
You hit the worker ant.
The worker ant is almost dead.
You block the worker ant's attack.
You hit the worker ant but do no damage.
The worker ant is almost dead.
You feel sick.
The worker ant bites you but does no damage.
You hit the worker ant but do no damage.
The worker ant is almost dead.
The worker ant barely misses you.
You closely miss the worker ant.
The worker ant is almost dead.
The worker ant misses you.
You closely miss the worker ant.
The worker ant is almost dead.
You feel sick. The worker ant bites you.
You die...

#.##........ @.!...
#...........#####.....#
...............#.....#
..............#.....#
#........(...#.....# #
#...# #..........#
#.##...#####....#.....#
#................#..#..
####..@####............
#......a............#.#
#.......####........#
#.......# ##.#<....#
#.......# #.####.##
##....... ... ...
#....(... ..### ..#.#
#........... .# #
#####.######


You could see a worker ant.

Vanquished Creatures
  Robin (D:1)
  An adder (D:3)
  2 leopard geckos
  A ball python (D:3)
  3 bats
  A giant cockroach (D:3)
  12 goblins
  2 hobgoblins
  2 quokkas (D:3)
  2 frilled lizards
  2 rats (D:3)
29 creatures vanquished.

Notes
Turn   | Place    | Note
-------+----------+-------------------------------------------
     0 | D:1      | Amnesiac the Vampire Monk began the quest for the Orb.
     0 | D:1      | Reached XP level 1. HP: 17/17 MP: 1/1
    37 | D:2      | Noticed Robin
    74 | D:1      | Reached XP level 2. HP: 13/23 MP: 2/2
   222 | D:1      | Reached skill level 4 in Stealth
   358 | D:1      | Killed Robin
   358 | D:1      | Reached skill level 5 in Stealth
   413 | D:2      | Reached XP level 3. HP: 25/28 MP: 3/3
   616 | D:3      | Reached skill level 6 in Stealth
   777 | D:4      | Noticed Sigmund
   826 | D:4      | Slain by a worker ant

Vault maps used:
D:1:      nicolae_arrival_memento_mori, grunt_decor_arrowhead,
          serial_bayou_lagoon_a, lemuel_old_faithful
D:2:      first_ration, st_stairs_11, uniq_robin
D:3:      grunt_ministairs_14, grunt_decor_mini_mirrors, serial_bayou_lagoon_b
D:4:      grunt_ministairs_11, kennysheep_generic_room_7, uniq_sigmund

Skill      XL: |  1  2  3 |
---------------+----------+-----
Stealth        | 5 6 |  6.1
Fighting       | |  2.7
Short Blades   | |  3.3
Dodging        | |  3.3

Action                   || total
-------------------------++-------
Melee: Short sword       ||   123
       Bite              ||     7
  Use: Potion            ||     6
 Stab: Sleeping          ||     6
  Eat: Corpse            ||     3
Armor: Robe              ||    21
Dodge: Dodged            ||    84
Block: Shield            ||    11

Table legend:
 A = Spawn XP
 B = Non-spawn XP
 C = Spawn XP percentage of total XP
 D = Spawn monster count
 E = Non-spawn monster count
 F = Spawn count percentage of total count
 G = Total turns spent on level
                    A         B        C        D         E        F      G
               +---------+---------+-------+---------+---------+-------+---------
         Total |       0 |      78 |   0.0 |       0 |      29 |   0.0 |   826
               +---------+---------+-------+---------+---------+-------+---------
           D:1 |       0 |      36 |   0.0 |       0 |      12 |   0.0 |   387
           D:2 |       0 |      10 |   0.0 |       0 |       5 |   0.0 |    50
           D:3 |       0 |      32 |   0.0 |       0 |      12 |   0.0 |   329
               +---------+---------+-------+---------+---------+-------+---------
